AoeStats
← Ayla_580

Black Forest

503195212Analyzed
2v2 RM · 1mo ago on Aug 30, 2026· 73m 19s· 4 players
Game mode
Random Map
Map size
Medium (4 player)
Population
200
Speed
Normal
Resources
Standard
Victory
Conquest
Starting age
Dark Age
Ending age
Imperial Age
RankedLock teamsTeams togetherTeam positionsShared explorationLock speedFull tech treeHidden civsTurbo modeCheats
Victory
Defeat
🇫🇮 Tatars · Finland
735
+18
🇫🇮 Franks · Finland
670
+20
🇫🇷 Britons · France
773
-19
🇫🇷 Franks · France
766
-19
dundergubbe
0:31 Loom
20:33 Feudal Age
31:06 Castle Age
32:29 Double-Bit Axe
32:29 Horse Collar
38:37 Bow Saw
44:24 Elite Skirmisher
47:59 Imperial Age
48:03 Town Watch
48:55 Wheelbarrow
48:12 Onager
50:39 Siege Engineers
51:36 Chemistry
51:05 Fortified Wall
52:49 Conscription
54:51 Timurid Siegecraft
55:34 Gold Mining
56:57 Ballistics
58:08 Town Patrol
58:25 Hand Cart
61:40 Caravan
63:25 Heavy Cavalry Archer
64:16 Silk Armor
64:59 Fletching
65:10 Padded Archer Armor
65:28 Bloodlines
65:20 Husbandry
69:16 Bodkin Arrow
69:36 Leather Archer Armor
70:35 Chemistry
amazingsounds2000
1:02 Loom
15:16 Feudal Age
15:47 Gold Mining
21:20 Forging
21:15 Scale Barding Armor
25:15 Castle Age
25:52 Double-Bit Axe
28:00 Gold Shaft Mining
27:40 Husbandry
28:19 Iron Casting
28:05 Chain Barding Armor
29:16 Bow Saw
36:22 Stone Mining
37:53 Wheelbarrow
37:18 Fletching
40:10 Hand Cart
42:25 Imperial Age
39:42 Town Watch
42:51 Ballistics
42:42 Fortified Wall
42:27 Murder Holes
42:43 Masonry
43:32 Bodkin Arrow
43:24 Cavalier
43:30 Onager
44:14 Chivalry
44:35 Conscription
45:24 Blast Furnace
45:00 Plate Barding Armor
44:32 Siege Engineers
44:52 Paladin
45:53 Caravan
47:17 Chemistry
46:48 Architecture
52:55 Hoardings
52:25 Town Patrol
66:01 Spies/Treason
n.mann
0:46 Loom
18:44 Feudal Age
18:47 Man-at-Arms
19:13 Arson
20:11 Wheelbarrow
21:47 Forging
21:38 Scale Mail Armor
21:29 Fletching
22:03 Horse Collar
22:46 Double-Bit Axe
24:24 Gold Mining
24:24 Stone Mining
25:01 Padded Archer Armor
27:35 Castle Age
28:56 Hand Cart
28:45 Caravan
28:52 Heavy Plow
29:06 Bow Saw
30:07 Gold Shaft Mining
31:39 Fortified Wall
31:10 Treadmill Crane
31:28 Murder Holes
31:54 Ballistics
31:49 Pikeman
32:30 Squires
32:16 Gambesons
33:48 Chain Mail Armor
33:51 Leather Archer Armor
33:31 Bodkin Arrow
36:54 Iron Casting
37:38 Yeomen
43:56 Imperial Age
42:27 Masonry
43:09 Crossbowman
44:44 Warwolf
46:19 Chemistry
45:48 Siege Engineers
47:48 Two-Man Saw
47:32 Bracer
49:17 Architecture
49:52 Blast Furnace
50:36 Conscription
51:09 Ring Archer Armor
52:41 Elite Longbowman
60:53 Chain Mail Armor
70:56 Hoardings
Ayla_580
0:29 Loom
13:45 Feudal Age
13:48 Man-at-Arms
19:02 Double-Bit Axe
24:24 Castle Age
24:13 Gold Mining
24:38 Arson
30:34 Wheelbarrow
30:12 Town Watch
31:46 Pikeman
32:40 Squires
32:25 Gambesons
53:34 Stone Mining
Connection lost

Rejoining the realm…

Still unreachable

The connection could not be restored.

Session expired

The server has moved on; the page needs a fresh start.